 Dungeon Crawl Stone Soup version 0.23-a0-677-g07611c5 (webtiles) character file.

6223 Lanoc the Grappler (level 10, -4/79 HPs)
             Began as a Demonspawn Chaos Knight on Jan 9, 2019.
             Was a Plaything of Xom.
             Slain by a yak (13 damage)
             ... on level 10 of the Dungeon.
             The game lasted 00:25:38 (8149 turns).

Lanoc the Grappler (Demonspawn Chaos Knight)        Turns: 8149, Time: 00:25:39

Health: -4/79      AC:  9    Str: 15    XL:     10   Next: 61%
Magic:  10/10      EV: 15    Int: 17    God:    Xom [...*..]
Gold:   609        SH:  7    Dex: 12    Spells: 9/9 levels left

rFire    + + .     SeeInvis .     - Unarmed
rCold    x x .     Gourm    .   g - +2 buckler {AC+3}
rNeg     + . .     Faith    .   f - +3 leather armour
rPois    +         Spirit   .   (no helmet)
rElec    .         Reflect  .   t - scarf {repulsion}
rCorr    .         Harm     .   (gloves unavailable)
MR       +....                  (no boots)
Stlth    +.........             B - amulet of the acrobat
HPRegen  0.23/turn              v - ring of positive energy
MPRegen  0.12/turn              (no ring)

@: immune to fire clouds (expiring), repel missiles
A: claws 3, talons 1, clever 1, magic resistance 1, mutation resistance 1,
poison resistance, powered by death 1, sturdy frame 1
a: Renounce Religion


You were on level 10 of the Dungeon.
You worshipped Xom.
You were a favourite toy of Xom.
You were not hungry.

You visited 3 branches of the dungeon, and saw 12 of its levels.
You also visited: Sewer and Bailey.

You collected 662 gold pieces.
You spent 53 gold pieces at shops.

Inventory:

Hand Weapons
 a - a +0 falchion of chaos
 y - a +4 scimitar of flaming
Missiles
 u - 21 tomahawks of returning (quivered)
Armour
 f - a +3 leather armour (worn)
 g - a +2 buckler of protection (worn)
 t - a scarf of repulsion (worn)
Jewellery
 p - an uncursed amulet of guardian spirit
 v - a ring of positive energy (left claw)
 B - an amulet of the acrobat (around neck)
Wands
 d - a wand of iceblast (9)
 h - a wand of digging (4)
 s - a wand of paralysis (4)
Scrolls
 i - 4 scrolls of remove curse
 n - 3 scrolls of enchant armour
 o - 2 scrolls of teleportation
 q - 2 scrolls of blinking
 z - 3 scrolls of amnesia
Potions
 b - a potion of ambrosia
 e - 3 potions of curing
 j - 2 potions of agility
 k - a potion of cancellation
 l - a potion of might
 m - a potion of heal wounds
 r - a potion of brilliance
 w - a potion of invisibility
 x - 2 potions of lignification
 A - a potion of resistance {unknown}
 C - a potion of flight
Comestibles
 c - 10 rations
 D - 3 chunks of flesh


   Skills:
 + Level 7.6 Fighting
 - Level 2.6 Long Blades
 + Level 6.5 Armour
 + Level 6.3 Dodging
 - Level 4.0 Shields
 * Level 8.9 Unarmed Combat


You had 9 spell levels left.
You didn't know any spells.
Your spell library contained the following spells:

 Spells                   Type           Power        Failure   Level  Hunger
 Beastly Appendage        Tmut           #.....       24%         1    ##.....
 Confusing Touch          Hex            #.....       24%         1    ##.....
 Sticks to Snakes         Tmut           #.......     36%         2    ###....
 Confuse                  Hex            #.......     58%         3    ####...
 Gell's Gravitas          Tloc           #.........   58%         3    ####...
 Spider Form              Tmut/Pois      #.........   58%         3    ####...
 Ice Form                 Ice/Tmut       #.......     94%         4    #####..
 Petrify                  Tmut/Erth      #.......     94%         4    #####..
 Blade Hands              Tmut           #.........   100%        5    ######.
 Metabolic Englaciation   Hex/Ice        #.........   100%        5    ######.
 Yara's Violent Unravell  Hex/Tmut       #.........   100%        5    ######.


Dungeon Overview and Level Annotations

Branches:
Dungeon (10/15)            Temple (1/1) D:7             Orc (1/2) D:9
   Lair: D:8-11

Altars:
Cheibriados
Dithmenos
Elyvilon
Fedhas
Gozag
Hepliaklqana
Kikubaaqudgha
Nemelex Xobeh
Okawaru
Ru
Sif Muna
Trog
Uskayaw
Vehumet
Xom
Yredelemnul
Zin

Shops:
D:5 *   D:8 [

Annotations:
D:8 Pikel


Innate Abilities, Weirdness & Mutations

You have claws for hands.
You regenerate a little health from kills.
Your movements are slightly less encumbered by armour. (ER -2)
You have sharp toenails.
Your mind is acute. (Int +2)
You are resistant to hostile enchantments. (MR+)
You are somewhat resistant to further mutation.
Your system is resistant to poisons. (rPois)


Message History

You hear a croak.
You hear a loud, deep croak!
Xom alters the dungeon around you.
You are now a toy of Xom.
You feel sick.
There is a shimmering altar of Xom here.
There is a shimmering altar of Xom here.
You feel sick.
You are no longer poisoned.
Xom guffaws.
The air around you leaps into flame! The yak gores you!
* * * LOW HITPOINT WARNING * * *
You claw the yak!
You kill the yak!
You mangle the yak!! Your kick misses the yak.
The yak is heavily wounded.
Your ring of flames is guttering out.
You are now a favourite toy of Xom.
The yak is engulfed in blazing flames.
The yak gores you!
You die...
Xom howls with laughter!

...#.#....<#.#######
.###÷###.#.#.#######
.###.....#.........#
.#...########......#
.#.......(..+......#
.#...########......#
.###.# #...°..#
##.#P .# #.#
#..☼☼°.# .#... .#
#.# ####@### ...P?P
.# #.# #Y# ..Y.Y. .#
#.# #Y### #PY....
.### #r_.# ..h....
...#
#.#.#####.._....
##.#
#.#§..._Yr._P... #.#
#.#§#####._P(..P #.#
##### ..P.... #.#
...PP.P


You could see 2 yaks and a porcupine.

Vanquished Creatures
  Erica (D:8)
  A two-headed ogre (D:8)
  2 trolls
  A wyvern (D:8)
  A hungry ghost (D:9)
  3 yaks (D:10)
  2 water moccasins (D:8)
  A porcupine (D:10)
  2 black bears
  3 ice beasts
  5 orc warriors
  A wolf (Bailey)
  A centaur (D:7)
  2 ogres
  A crocodile (D:10)
  2 big kobolds (Sewer)
  2 bullfrogs
  4 scorpions
  3 killer bees (D:8)
  2 troll zombies (D:9)
  2 howler monkeys (D:9)
  5 crimson imps
  A bullfrog zombie (D:10)
  2 jellies (D:10)
  3 bullfrog skeletons
  A gnoll shaman (D:3)
  A centaur skeleton (D:7)
  8 orc wizards
  An iguana (D:5)
  7 worker ants
  A killer bee zombie (D:5)
  5 ogre zombies (D:9)
  3 worker ant zombies
  5 gnolls
  13 adders
  A shadow imp (D:7)
  An ooze (Sewer)
  A worm (D:3)
  2 dart slugs
  12 leopard geckos
  19 orcs
  11 bats
  7 giant cockroaches
  14 goblins
  12 hobgoblins
  3 jackals
  2 quokkas (D:3)
  A ball python (D:2)
  5 frilled lizards
  A goblin skeleton (D:9)
  3 goblin zombies (D:9)
  A hobgoblin skeleton (D:9)
  A hobgoblin zombie (D:9)
  36 kobolds
  11 orc zombies (D:9)
  15 rats
257 creatures vanquished.

Vanquished Creatures (collateral kills)
  A wraith (D:9)
  A two-headed ogre zombie (D:9)
  A black bear (D:8)
  An orc warrior (Bailey)
  2 orc priests
  A hound skeleton (D:9)
  An orc (D:9)
  2 hobgoblins (Bailey)
  A goblin skeleton (D:9)
  A goblin zombie (D:9)
  2 orc skeletons (D:9)
  3 orc zombies (D:9)
17 creatures vanquished.

Vanquished Creatures (others)
  A hungry ghost (D:9)
  A gnoll (Bailey)
  2 jackals (D:2)
  26 fungi (D:10)
  26 plants (D:10)
56 creatures vanquished.

Grand Total: 330 creatures vanquished

Notes
Turn   | Place    | Note
-------+----------+-------------------------------------------
     0 | D:1      | Lanoc the Demonspawn Chaos Knight began the quest for the
                  | Orb.
     0 | D:1      | Reached XP level 1. HP: 18/18 MP: 1/1
    24 | D:1      | Reached skill level 1 in Dodging
    31 | D:1      | XOM: harmless Erth miscast
    52 | D:1      | Gained mutation: You have sharp fingernails. [demonic
                  | ancestry]
    52 | D:1      | Reached XP level 2. HP: 15/24 MP: 2/2
    54 | D:1      | XOM: smoke on damage
   352 | D:1      | Found a sparkling altar of Nemelex Xobeh.
   405 | D:1      | Gained mutation: You have very sharp fingernails. [demonic
                  | ancestry]
   405 | D:1      | Reached XP level 3. HP: 27/29 MP: 3/3
   427 | D:1      | XOM: harmless Ice miscast
   509 | D:2      | Reached skill level 1 in Unarmed Combat
   529 | D:2      | XOM: polymorph rat -> orc
   588 | D:2      | XOM: destruction
   595 | D:2      | XOM: god gift: 57 gold pieces
   618 | D:2      | XOM: 1-stop teleportation journey
   734 | D:2      | Gained mutation: You regenerate a little health from kills.
                  | [demonic ancestry]
   734 | D:2      | Reached XP level 4. HP: 32/35 MP: 4/4
  1157 | D:3      | Reached skill level 2 in Unarmed Combat
  1196 | D:3      | Found a glowing drain.
  1238 | Sewer    | Entered a sewer
  1255 | Sewer    | Noticed a big kobold
  1258 | Sewer    | XOM: 1-stop teleportation journey
  1275 | Sewer    | XOM: confuse monster(s)
  1294 | Sewer    | XOM: enchant monster (good)
  1315 | Sewer    | Killed a big kobold
  1315 | Sewer    | Gained mutation: Your movements are slightly less
                  | encumbered by armour. (ER -2) [demonic ancestry]
  1315 | Sewer    | Reached XP level 5. HP: 18/42 MP: 5/5
  1507 | Sewer    | XOM: potion effect (invisibility)
  1516 | Sewer    | Reached skill level 3 in Unarmed Combat
  1516 | Sewer    | Gained mutation: You have claws for hands. [demonic
                  | ancestry]
  1516 | Sewer    | Reached XP level 6. HP: 42/48 MP: 6/6
  1572 | D:3      | HP: 2/48 [orc wizard/+0 dagger (3)]
  1578 | D:3      | Gained mutation: You are robust. (+10% HP) [potion of
                  | mutation]
  1578 | D:3      | Gained mutation: You are agile. (Dex +2) [potion of
                  | mutation]
  1786 | D:3      | XOM: 11-stop teleportation journey
  2065 | D:3      | XOM: summons 1 hostile shadow creature
  2090 | D:3      | XOM: scenery: create altars
  2192 | D:3      | XOM: summons 3 hostile demons
  2279 | D:4      | Found an ancient bone altar of Kikubaaqudgha.
  2339 | D:4      | XOM: cast spell 'Necromutation'
  2371 | D:4      | Reached XP level 7. HP: 26/60 MP: 7/7
  2726 | D:4      | XOM: medium Hex miscast
  2903 | D:4      | XOM: divination: detect items
  2918 | D:4      | Reached skill level 4 in Unarmed Combat
  3013 | D:4      | XOM: smoke on damage
  3051 | D:4      | XOM: 1-stop teleportation journey
  3249 | D:5      | Entered Level 5 of the Dungeon
  3252 | D:5      | XOM: cloud trail
  3311 | D:5      | XOM: give mutations
  3311 | D:5      | Gained mutation: You are somewhat resistant to further
                  | mutation. [Xom's grace]
  3311 | D:5      | Gained mutation: You have sharp toenails. [Xom's grace]
  3311 | D:5      | Gained mutation: Your system is resistant to poisons.
                  | (rPois) [Xom's grace]
  3311 | D:5      | Gained mutation: Your mind is acute. (Int +2) [Xom's grace]
  3379 | D:5      | XOM: enchant monster (good)
  3388 | D:5      | XOM: blink monster(s)
  3399 | D:5      | XOM: 1-stop teleportation journey
  3400 | D:5      | XOM: scenery: 2 doors open
  3812 | D:5      | Found Buriem's Assorted Antiques.
  3827 | D:5      | Bought a scroll labeled EPTE ZAHADGHIVAM for 28 gold pieces
  3827 | D:5      | Bought a lumpy cyan potion for 25 gold pieces
  4298 | D:5      | XOM: polymorph sky beast -> ice beast
  4300 | D:5      | XOM: enchant monster (bad)
  4352 | D:6      | XOM: summons friendly quasit
  4359 | D:6      | XOM: silly message
  4363 | D:7      | Reached skill level 5 in Fighting
  4370 | D:7      | Reached skill level 5 in Unarmed Combat
  4370 | D:7      | Reached XP level 8. HP: 25/68 MP: 1/8
  4581 | D:7      | Found a flagged portal.
  4607 | Bailey   | Entered a bailey
  4635 | Bailey   | XOM: divination: detect creatures
  4756 | Bailey   | XOM: scenery: 1 doors open, 2 doors close
  4769 | Bailey   | XOM: summons friendly shadow imp
  4784 | Bailey   | XOM: polymorph orc warrior -> wolf
  4791 | Bailey   | XOM: confuse monster(s)
  4812 | Bailey   | XOM: harmless Pois miscast
  4815 | Bailey   | XOM: mild Air miscast
  4818 | Bailey   | XOM: enchant monster (good)
  4922 | Bailey   | XOM: give mutations
  4922 | Bailey   | Lost mutation: You are robust. (+10% HP) [Xom's mischief]
  4922 | Bailey   | Lost mutation: You are agile. (Dex +2) [Xom's mischief]
  4922 | Bailey   | Gained mutation: You are resistant to hostile enchantments.
                  | (MR+) [Xom's mischief]
  5008 | D:7      | Found a staircase to the Ecumenical Temple.
  5044 | D:7      | Reached skill level 6 in Unarmed Combat
  5068 | Temple   | Entered the Ecumenical Temple
  5276 | Temple   | XOM: cloud trail
  6043 | D:8      | Noticed a troll
  6057 | D:8      | HP: 2/64 [troll (6)]
  6059 | D:8      | Killed a troll
  6059 | D:8      | Reached skill level 5 in Armour
  6059 | D:8      | Reached skill level 1 in Shields
  6059 | D:8      | Reached XP level 9. HP: 20/69 MP: 0/9
  6311 | D:8      | XOM: summons 6 friendly demons
  6329 | D:8      | Noticed a two-headed ogre
  6336 | D:8      | XOM: cleaving
  6337 | D:8      | Killed a two-headed ogre
  6337 | D:8      | Reached skill level 5 in Dodging
  6337 | D:8      | Reached skill level 7 in Unarmed Combat
  6440 | D:8      | Found Aceofun's Armour Emporium.
  6453 | D:8      | Noticed Erica
  6470 | D:8      | Killed Erica
  6514 | D:8      | Noticed Pikel
  6515 | D:8      | XOM: summons 3 friendly demons
  6547 | D:8      | XOM: harmless Erth miscast
  6810 | D:8      | Reached XP level 10. HP: 79/79 MP: 10/10
  6839 | D:8      | XOM: cloud trail
  6843 | D:8      | XOM: fog
  6895 | D:8      | Reached skill level 8 in Unarmed Combat
  7111 | D:9      | Found a staircase to the Orcish Mines.
  7115 | D:9      | XOM: scenery: create altars
  7170 | D:9      | XOM: enchant monster (good)
  7204 | D:9      | XOM: summons friendly soul eater
  7259 | D:9      | Found a radiant altar of Vehumet.
  7281 | D:9      | XOM: smoke on damage
  7414 | D:9      | XOM: mild Conj miscast
  7541 | D:9      | Found an ancient bone altar of Kikubaaqudgha.
  7562 | D:9      | XOM: blink monster(s)
  7924 | Orc:1    | Entered Level 1 of the Orcish Mines
  7947 | D:10     | Entered Level 10 of the Dungeon
  8116 | D:10     | XOM: fog
  8137 | D:10     | XOM: divine lightning
  8138 | D:10     | XOM: scenery: create altars
  8145 | D:10     | XOM: cast spell 'Ring of Flames'
  8149 | D:10     | Slain by a yak

Vault maps used:
D:1:      eino_arrival_water_cross, nemelex_xobeh_ov_fountains_minmay
D:2:      minitemple
D:3:      portal_sewer_entry_f, dk_noncrumbling_3
D:4:      lemuel_doored_altar
D:5:      serial_shops, nicolae_shop_statue_plus, first_ration,
          grunt_ministairs_11
D:6:      serial_shops, nicolae_shop_trees, chequers_mini_garden
D:7:      minmay_temple_entry_slanted, enter_bailey_3
D:8:      serial_shops, shop, uniq_erica, uniq_pikel
D:9:      kennysheep_mini, zombieorc2_lemuel, basic_altar
D:10:     due_lair_maze_entry_diamond
Temple:   regret_index_temple_generic_petals
Orc:1:    minmay_orc_temple_c, uniq_fannar
Sewer:    kennysheep_pipe_town
Bailey:   bailey_axe_1, bailey

Skill      XL: |  1  2  3  4  5  6  7  8  9 10 |
---------------+-------------------------------+-----
Dodging        | 1 2 3 4 5 6 |  6.3
Armour         | 2 3 4 5 6 |  6.5
Unarmed Combat | 1 2 3 5 6 7 8 |  8.9
Fighting       | 4 5 6 7 |  7.6
Shields        | 1 3 4 |  4.0
Long Blades    | |  2.6

Action                   |  1- 3 |  4- 6 |  7- 9 | 10-12 || total
-------------------------+-------+-------+-------+-------++-------
Melee: Falchion          |   135 |   249 |   126 |       ||   510
       Punch             |       |     2 |     3 |       ||     5
       Kick              |       |       |    71 |    58 ||   129
       Unarmed           |       |       |   186 |   193 ||   379
Throw: Tomahawk          |       |       |    18 |       ||    18
  Use: Scroll            |       |     3 |    12 |     3 ||    18
       Potion            |       |     9 |     7 |       ||    16
 Stab: Sleeping          |     1 |     4 |     1 |       ||     6
       Petrified         |     1 |       |       |       ||     1
       Confused          |       |     1 |     1 |       ||     2
       Paralysed         |       |     1 |       |       ||     1
       Invisible         |       |     2 |       |       ||     2
       Petrifying        |       |       |     1 |       ||     1
  Eat: Chunk             |       |     5 |    11 |     7 ||    23
       Ration            |       |       |     1 |       ||     1
Armor: Leather armour    |    60 |    94 |    89 |    39 ||   282
Dodge: Dodged            |    80 |   202 |   261 |    90 ||   633
       Deflected         |       |       |    36 |       ||    36
Block: Buckler           |       |       |    30 |    44 ||    74
       Rpst.: Falchion   |    25 |    68 |    27 |       ||   120

Table legend:
 A = Non-vault XP
 B = Vault XP
 C = Vault XP percentage of total XP
 D = Non-vault monster count
 E = Vault monster count
 F = Vault count percentage of total count
                 A         B        C        D         E       F
            +---------+---------+-------+---------+---------+-------
      Total |    6227 |    2663 |  30.0 |     171 |     103 |  37.6
            +---------+---------+-------+---------+---------+-------
        D:1 |      46 |       0 |   0.0 |      29 |       0 |   0.0
        D:2 |      58 |       0 |   0.0 |      23 |       0 |   0.0
        D:3 |     243 |      16 |   6.2 |      26 |       6 |  18.8
        D:4 |     269 |       0 |   0.0 |      13 |       0 |   0.0
        D:5 |     304 |      34 |  10.1 |      10 |       1 |   9.1
        D:6 |       3 |       0 |   0.0 |       1 |       0 |   0.0
        D:7 |     688 |       7 |   1.0 |      14 |       4 |  22.2
        D:8 |    2510 |     912 |  26.7 |      21 |       1 |   4.5
        D:9 |    1375 |     690 |  33.4 |      25 |      34 |  57.6
       D:10 |     731 |     248 |  25.3 |       9 |       2 |  18.2
      Sewer |       0 |     228 | 100.0 |       0 |      24 | 100.0
     Bailey |       0 |     528 | 100.0 |       0 |      31 | 100.0
            +---------+---------+-------+---------+---------+-------
